[Event "Early-Titled-Tuesday-Blitz-May-14-2024"]
[Site "Chess.com"]
[Date "2024.05.14"]
[Round "9"]
[White "ilimchess2"]
[Black "kekic76"]
[Result "1-0"]
[WhiteElo "2300"]
[BlackElo "2286"]
[TimeControl "180+1"]
[EndTime "9:41:44 PDT"]
[Termination "ilimchess2 won by checkmate"]

1. d4 d5 2. Nf3 Nf6 3. Bf4 c5 4. e3 Nc6 5. Nbd2 e6 6. c3 Bd6 7.
Bg3 O-O 8. Bd3 Bxg3 9. hxg3 b6 10. e4 dxe4 11. Nxe4 g6 12. dxc5 Bb7 13. cxb6 axb6 14.
Qe2 Nxe4 15. Bxe4 Ba6 16. Qe3 Ne7 17. Qh6 Re8 18. Qxh7+ Kf8 19. Qh6+ Kg8 20. Qh8# 1-0

[Event "Early-Titled-Tuesday-Blitz-May-14-2024"]
[Site "Chess.com"]
[Date "2024.05.14"]
[Round "9"]
[White "falzehope0"]
[Black "Incognizance"]
[Result "1-0"]
[WhiteElo "2360"]
[BlackElo "1976"]
[TimeControl "180+1"]
[EndTime "9:42:11 PDT"]
[Termination "falzehope0 won by checkmate"]

1. d4 Nf6 2. e3 e6 3. Bd3 d5 4. f4 Bd6 5. Nf3 O-O 6. O-O c5 7. c3 Nc6 8. Nbd2 b6 9. Ne5 Bb7 10. Qf3 cxd4 11. exd4 Rc8 12. g4 Nd7 13. Qh3 g6 14. Qh6 Ncxe5 15. fxe5 Be7 16. Nf3 Re8 17. Ng5 Bxg5 18. Bxg5 Qc7 19. Rxf7 Kxf7 20. Qxh7+ Kf8 21. Bh6# 1-0

[Event "Early-Titled-Tuesday-Blitz-May-14-2024"]
[Site "Chess.com"]
[Date "2024.05.14"]
[Round "9"]
[White "Agibileg"]
[Black "Tolyanius"]
[Result "1-0"]
[WhiteElo "2884"]
[BlackElo "2669"]
[TimeControl "180+1"]
[EndTime "9:42:47 PDT"]
[Termination "Agibileg won by resignation"]

1. d4 Nf6 2. c4 c5 3. d5 b5 4.
cxb5 a6 5. e3 g6 6. Nc3 Bg7 7.
a4 d6 8. e4 O-O 9. Bc4 Nbd7 10.
Nf3 Ng4 11. O-O Nge5 12. Nxe5 Nxe5 13. Be2 axb5 14. Bxb5 Ba6 15. Bg5 h6 16. Bh4 g5 17.
Bg3 Qa5 18. h4 Qb4 19. hxg5 hxg5 20. Qd2 Bxb5 21. axb5 Qxb2 1-0

[Event "Early-Titled-Tuesday-Blitz-May-14-2024"]
[Site "Chess.com"]
[Date "2024.05.14"]
[Round "9"]
[White "scarabee43"]
[Black "edgarhay012"]
[Result "0-1"]
[WhiteElo "2799"]
[BlackElo "2645"]
[TimeControl "180+1"]
[EndTime "9:42:56 PDT"]
[Termination "edgarhay012 won by checkmate"]

1. Nf3 Nf6 2. c4 e6 3. Nc3 d5 4.
e3 Be7 5. b3 c5 6. Bb2 O-O 7. cxd5 exd5 8. d4 Nc6 9. Be2 Be6 10.
O-O Rc8 11. Rc1 cxd4 12. Nxd4 Nxd4 13. Qxd4 Bc5 14. Qh4 d4 15. Na4 d3 16. Bxd3 Qxd3 17. Nxc5 Qe2 18. Bxf6 gxf6 19. Qxf6 Rc6 20. Ne4 Rfc8 21. Rcd1 Bg4 22. Rd8+ Rxd8 23. Qxd8+ Kg7 24. Qd4+ f6 25. Qxa7 Qxf1+ 26. Kxf1 Rc1# 0-1

[Event "Early-Titled-Tuesday-Blitz-May-14-2024"]
[Site "Chess.com"]
[Date "2024.05.14"]
[Round "9"]
[White "Hikaru"]
[Black "Grischuk"]
[Result "1/2-1/2"]
[WhiteElo "3226"]
[BlackElo "3125"]
[TimeControl "180+1"]
[EndTime "9:43:28 PDT"]
[Termination "Game drawn by repetition"]

1. Nf3 d5 2. b3 Nf6 3. Bb2 Bf5 4.
e3 e6 5. g3 h6 6. d4 Nbd7 7.
Bd3 Bd6 8. c4 c6 9. Qc2 Ne4 10.
Nfd2 Nxd2 11. Nxd2 Bxd3 12. Qxd3 Nf6 13. O-O O-O 14. e4 Nxe4 15. Nxe4 dxe4 16. Qxe4 Be7 17. Rfd1 Bf6 18. Rd2 Qa5 19. Qe2 Rfd8 20. Rdd1 Qb6 21. Qe3 Rd7 22. Rd3 Rad8 23. Rad1 Qc7 24. R3d2 Rd6 25.
Ba3 R6d7 26. Bb2 Rd6 27. Ba3 R6d7 28. Bb2 1/2-1/2

[Event "Early-Titled-Tuesday-Blitz-May-14-2024"]
[Site "Chess.com"]
[Date "2024.05.14"]
[Round "9"]
[White "Pomegranate988"]
[Black "Casper"]
[Result "1-0"]
[WhiteElo "2651"]
[BlackElo "2514"]
[TimeControl "180+1"]
[EndTime "9:43:36 PDT"]
[Termination "Pomegranate988 won by resignation"]

1. Nf3 d6 2. g3 g6 3. Bg2 Bg7 4. d4 Bd7 5. O-O Qc8 6. Re1 Bh3 7. Bh1 h5 8. Bg5 h4 9. Bxh4 f6 10. Qd3 g5 11. Bxg5 fxg5 12. Qg6+ Kf8 13. e4 Rh6 14.
Qxg5 Nc6 15. c3 Nd8 16. Nbd2 Nf6 17. e5 Nf7 18. Qf4 Nd5 19. Qe4 Bf5 20. Qxd5 c6 21.
Qb3 d5 22. h4 1-0

[Event "Early-Titled-Tuesday-Blitz-May-14-2024"]
[Site "Chess.com"]
[Date "2024.05.14"]
[Round "9"]
[White "nitpicker"]
[Black "Aleksandar-Topalov"]
[Result "0-1"]
[WhiteElo "2274"]
[BlackElo "2461"]
[TimeControl "180+1"]
[EndTime "9:43:44 PDT"]
[Termination "Aleksandar-Topalov won by resignation"]

1. d4 e6 2. c4 Nf6 3. g3 Bb4+ 4. Bd2 a5 5. a3 Bxd2+ 6. Nxd2 O-O 7. Bg2 a4 8. Ngf3 d6 9. O-O Nbd7 10. Nb1 Nb6 11. Qd3 Qe7 12. Nbd2 e5 13. Rfe1 Re8 14. Rac1 e4 15.
Qc2 exf3 16. Bxf3 c6 17. e4 Bh3 18. e5 dxe5 19. dxe5 Nfd7 20. Qc3 Nc5 21. Qb4 Nbd7 22. Bh1 Nd3 23. Qxb7 Nxc1 24. Rxc1 Nxe5 0-1

[Event "Early-Titled-Tuesday-Blitz-May-14-2024"]
[Site "Chess.com"]
[Date "2024.05.14"]
[Round "9"]
[White "vasblesk"]
[Black "JiaHaoxiang"]
[Result "1-0"]
[WhiteElo "2802"]
[BlackElo "2617"]
[TimeControl "180+1"]
[EndTime "9:44:09 PDT"]
[Termination "vasblesk won by resignation"]

1. e4 c5 2. Nf3 d6 3. c3 Nf6 4.
Be2 g6 5. O-O Bg7 6. Qc2 e5 7.
d4 cxd4 8. cxd4 exd4 9. Nxd4 d5 10. Bb5+ Bd7 11. exd5 O-O 12. Nc3 Nxd5 13. Nxd5 Bxd4 14. Bxd7 Nxd7 15. Bh6 Bg7 16. Bxg7 Kxg7 17. Rad1 Nf6 18. Nc7 Qc8 19. Qc3 Rb8 20. Rd6 1-0

[Event "Early-Titled-Tuesday-Blitz-May-14-2024"]
[Site "Chess.com"]
[Date "2024.05.14"]
[Round "9"]
[White "lefonghua"]
[Black "TheAlienParty"]
[Result "1-0"]
[WhiteElo "2596"]
[BlackElo "2422"]
[TimeControl "180+1"]
[EndTime "9:44:09 PDT"]
[Termination "lefonghua won by resignation"]

1. d4 Nf6 2. c4 e6 3. Nc3 Bb4 4. f3 d5 5. a3 Bxc3+ 6. bxc3 c5 7. cxd5 exd5 8. e3 Nc6 9. Bd3 O-O 10. Ne2 b6 11. O-O Qc7 12. Ng3 Re8 13. Ra2 Bb7 14. Re2 Rac8 15. Bb2 Na5 16. e4 cxd4 17. cxd4 dxe4 18.
fxe4 Nc4 19. Bc1 b5 20. Rxf6 gxf6 21. Nh5 Qb6 22. Rf2 Kh8 23. Nxf6 Qxd4 24. Qh5 Qxf6 25. Rxf6 Bxe4 26. Bxe4 Rxe4 27. Rxf7 1-0

[Event "Early-Titled-Tuesday-Blitz-May-14-2024"]
[Site "Chess.com"]
[Date "2024.05.14"]
[Round "9"]
[White "stamatolog13"]
[Black "chessburger_tv"]
[Result "0-1"]
[WhiteElo "2561"]
[BlackElo "2421"]
[TimeControl "180+1"]
[EndTime "9:44:26 PDT"]
[Termination "chessburger_tv won by resignation"]

1. e4 c5 2. d4 Nc6 3. d5 Nb8 4.
Nf3 d6 5. Nc3 Bg4 6. h3 Bxf3 7.
Qxf3 g6 8. Bb5+ Nd7 9. a4 Bg7 10. O-O Nf6 11. Qe2 O-O 12. f4 a6 13. Bc4 Qc7 14.
Bd2 Nb6 15. Ba2 c4 16. a5 Qc5+ 17. Be3 Qxa5 18. Bxc4 Qb4 19. Bb3 Nxe4 20. Nxe4 Qxe4 21. Qd2 Nc4 22. Bxc4 Qxc4 23. b3 Qc3 24. Qe1 Qxa1 25. Qxa1 Bxa1 26. Rxa1 Rfc8 27. c4 b5 28. cxb5 axb5 29. Re1 f5 30. g4 Kf7 31. Bf2 Ra2 32. Bh4 Rc7 0-1

[Event "Early-Titled-Tuesday-Blitz-May-14-2024"]
[Site "Chess.com"]
[Date "2024.05.14"]
[Round "9"]
[White "Mikhail_Golubev"]
[Black "Timerkhanov"]
[Result "1-0"]
[WhiteElo "2552"]
[BlackElo "2691"]
[TimeControl "180+1"]
[EndTime "9:44:32 PDT"]
[Termination "Mikhail_Golubev won by resignation"]

1. e4 c5 2. Nf3 a6 3. Nc3 d6 4. d4 cxd4 5. Nxd4 Nf6 6. Bc4 e6 7.
Bb3 Be7 8. f4 O-O 9. Qf3 Qc7 10.
f5 e5 11. Nde2 b5 12. g4 b4 13. g5 bxc3 14. Nxc3 Bb7 15. gxf6 Bxf6 16. Rg1 Nd7 17.
Be3 Nc5 18. Bxc5 Qxc5 19. O-O-O a5 20. Bd5 Rab8 21. Bxb7 Rxb7 22. Nd5 Bh4 23. Qg4 g5 24. Qxh4 f6 25. Nxf6+ 1-0

[Event "Early-Titled-Tuesday-Blitz-May-14-2024"]
[Site "Chess.com"]
[Date "2024.05.14"]
[Round "9"]
[White "Resourchess"]
[Black "Szachulec75"]
[Result "1-0"]
[WhiteElo "2380"]
[BlackElo "2142"]
[TimeControl "180+1"]
[EndTime "9:44:34 PDT"]
[Termination "Resourchess won by resignation"]

1. d4 Nf6 2. c4 g6 3. f3 Bg7 4. e4 d6 5. Nc3 O-O 6. Be3 e5 7. Nge2 Nc6 8. d5 Ne7 9. Qd2 Ne8 10. O-O-O f5 11. h4 f4 12. Bf2 a6 13. Kb1 b5 14.
cxb5 axb5 15. Nxb5 Ba6 16. Nbc3 Qb8 17. Nc1 Nf6 18.
Nb3 Qb4 19. Nb5 Qxd2 20. Rxd2 Bxb5 21. Bxb5 Rfb8 22. Be2 c5 23. dxc6 Nxc6 24. Rxd6 Nb4 25. a3 Nc6 26. Rxc6 Rxb3 27. Bc4+ 1-0

[Event "Early-Titled-Tuesday-Blitz-May-14-2024"]
[Site "Chess.com"]
[Date "2024.05.14"]
[Round "9"]
[White "Eagle_2019"]
[Black "tandaleo"]
[Result "1-0"]
[WhiteElo "2868"]
[BlackElo "2610"]
[TimeControl "180+1"]
[EndTime "9:44:35 PDT"]
[Termination "Eagle_2019 won by resignation"]

1. d4 d5 2. Nf3 Nf6 3. c4 e6 4.
Nc3 Be7 5. Bg5 h6 6. Bxf6 Bxf6 7. e3 O-O 8. Qc2 c6 9. h4 g6 10. h5 g5 11. Bd3 Nd7 12. O-O-O a5 13. e4 dxc4 14.
Bxc4 b5 15. Be2 Qb6 16. e5 Bg7 17. Ne4 Bb7 18. Nexg5 Rfc8 19. Nxf7 Kxf7 20. Qg6+ Kf8 21. Qxe6 Qd8 22. Nh4 Bh8 23. Qxh6+ Kg8 24. Qe6+ Kf8 25.
Ng6+ Kg7 26. h6+ Kh7 27. Qf7+ 1-0

[Event "Early-Titled-Tuesday-Blitz-May-14-2024"]
[Site "Chess.com"]
[Date "2024.05.14"]
[Round "9"]
[White "slorovel"]
[Black "SirStrateg"]
[Result "1-0"]
[WhiteElo "2570"]
[BlackElo "2672"]
[TimeControl "180+1"]
[EndTime "9:44:38 PDT"]
[Termination "slorovel won by checkmate"]

1. e4 d6 2. d4 Nf6 3. Nc3 c6 4. f3 Nbd7 5. Be3 b5 6. Bd3 Nb6 7. Qd2 d5 8. e5 Nfd7 9. h4 e6 10. h5 h6 11. f4 b4 12. Nce2 c5 13. c3 cxd4 14. cxd4 Nc4 15. Qc1 Ba6 16. b3 Nxe3 17.
Qxe3 Bxd3 18. Qxd3 f5 19. g4 fxg4 20. Qg6+ Ke7 21.
f5 exf5 22. Nf4 Qe8 23. Qxf5 Kd8 24. Ne6+ Kc8 25. Rc1+ Kb8 26. Ne2 a5 27. Nc7 Qd8 28.
Nxa8 Kxa8 29. Qe6 Nb6 30. Rf1 Be7 31. Rf7 Bh4+ 32. Kd1 Rf8 33. Qc6+ Kb8 34. Qb7# 1-0

[Event "Early-Titled-Tuesday-Blitz-May-14-2024"]
[Site "Chess.com"]
[Date "2024.05.14"]
[Round "9"]
[White "LileKoridze"]
[Black "GrotBchess"]
[Result "0-1"]
[WhiteElo "2410"]
[BlackElo "2538"]
[TimeControl "180+1"]
[EndTime "9:44:38 PDT"]
[Termination "GrotBchess won by resignation"]

1. d4 Nf6 2. c4 e6 3. Nf3 d5 4. g3 Be7 5. Bg2 O-O 6. O-O dxc4 7. Qc2 b6 8. Ne5 Qxd4 9. Bxa8 Qxe5 10. Bg2 Nd5 11. Qxc4 Ba6 12. Qa4 Qxe2 13. Bd2 Qb5 14. Qc2 Qc6 15. Rc1 Qxc2 16. Rxc2 c5 17. a3 Nc6 18.
Nc3 Nd4 19. Rcc1 Nxc3 20. Bxc3 Ne2+ 21. Kh1 Nxc1 22. Rxc1 Rd8 23. b4 cxb4 24. axb4 Bf6 25.
Bxf6 gxf6 26. h4 Bb5 27. Rc7 a5 28. bxa5 bxa5 29. Rc5 Rb8 30. Rc7 a4 31. Ra7 Be8 32. Ra5 Kg7 33. Kh2 Rb2 34. Kg1 Rb3 35. Ra8 Bb5 36. Ra7 a3 37. Bh3 Bc4 0-1

[Event "Early-Titled-Tuesday-Blitz-May-14-2024"]
[Site "Chess.com"]
[Date "2024.05.14"]
[Round "9"]
[White "dianamirza"]
[Black "kritipatel"]
[Result "0-1"]
[WhiteElo "1942"]
[BlackElo "2174"]
[TimeControl "180+1"]
[EndTime "9:44:42 PDT"]
[Termination "kritipatel won by checkmate"]

1. e4 e5 2. Nf3 Nc6 3. Bb5 a6 4. Ba4 Nf6 5. O-O b5 6. Bb3 Bc5 7. d3 d6 8. a4 Rb8 9. axb5 axb5 10. h3 O-O 11. Be3 Bb6 12. Nc3 b4 13. Nd5 Nxd5 14.
Bxd5 Ne7 15. Bb3 Ng6 16. Qd2 Be6 17. Bxe6 fxe6 18. Bg5 Qe8 19. Be3 Nf4 20. Bxb6 Rxb6 21. Ra4 Nxh3+ 22. Kh2 Qh5 23. Rg1 Rxf3 24. gxf3 Nf4+ 25.
Kg3 Qh3# 0-1

[Event "Early-Titled-Tuesday-Blitz-May-14-2024"]
[Site "Chess.com"]
[Date "2024.05.14"]
[Round "9"]
[White "LeoWin2012"]
[Black "Cheer_Down"]
[Result "1/2-1/2"]
[WhiteElo "2337"]
[BlackElo "2456"]
[TimeControl "180+1"]
[EndTime "9:44:49 PDT"]
[Termination "Game drawn by repetition"]

1. e4 e6 2. d4 d5 3. Bd3 c5 4. exd5 exd5 5. Nf3 Nf6 6. O-O c4 7. Re1+ Be7 8. Bf1 O-O 9. c3 Nc6 10. Nbd2 Bg4 11. h3 Bh5 12. Be2 Bd6 13. Ne5 Bxe2 14.
Qxe2 Re8 15. Ndf3 Ne4 16. Nxc6 bxc6 17. Be3 Qf6 18. Nd2 h5 19. Qf3 Qxf3 20. Nxf3 f6 21. Re2 Kf7 22. Rae1 Rab8 23. Bc1 g5 24. Nd2 Nxd2 25.
Rxe8 Nf3+ 26. gxf3 Rxe8 27. Rxe8 Kxe8 28. f4 g4 29.
hxg4 hxg4 30. f5 Kf7 31. Kg2 Kg7 32. f3 g3 33. f4 Kh6 34. Kxg3 Kh5 35. Be3 a6 36. a4 Bc7 37. Bf2 Bd6 38. Be3 Bf8 39. Bf2 Be7 40. Be3 Bf8 41. Bf2 Bd6 42. Be3 1/2-1/2

[Event "Early-Titled-Tuesday-Blitz-May-14-2024"]
[Site "Chess.com"]
[Date "2024.05.14"]
[Round "9"]
[White "CrushingKings"]
[Black "Viktoker"]
[Result "0-1"]
[WhiteElo "2618"]
[BlackElo "2378"]
[TimeControl "180+1"]
[EndTime "9:44:52 PDT"]
[Termination "Viktoker won by resignation"]

1. Nf3 f5 2. g3 Nf6 3. d4 e6 4. Bg2 Be7 5. O-O d5 6. c4 Ne4 7. Nc3 c6 8. Ne5 Nd7 9. Nxd7 Bxd7 10. Nxe4 fxe4 11. cxd5 exd5 12. Qb3 Qb6 13. Qe3 O-O 14. f3 Bf6 15. Kh1 Bxd4 16. Qg5 Bf6 17. Qh5 Rae8 18.
Bf4 g6 19. Qh6 Bg7 20. Qg5 Rf5 21. Qg4 Rf7 22. Qh4 exf3 23. Bxf3 Bf5 24. Rad1 Qxb2 25. Bc1 Qxa2 26. Kg1 d4 27. Bg5 Qe6 28. Rf2 a5 29. Qf4 Bc2 0-1

[Event "Early-Titled-Tuesday-Blitz-May-14-2024"]
[Site "Chess.com"]
[Date "2024.05.14"]
[Round "9"]
[White "Jospem"]
[Black "Msb2"]
[Result "1/2-1/2"]
[WhiteElo "3002"]
[BlackElo "3070"]
[TimeControl "180+1"]
[EndTime "9:44:54 PDT"]
[Termination "Game drawn by repetition"]

1. e4 e6 2. d4 d5 3. exd5 exd5 4. Nf3 Nc6 5. h3 a6 6. c3 Bd6 7. Bd3 Nge7 8. Qc2 h6 9. Be3 Be6 10. Nbd2 Qd7 11. O-O-O Bf5 12. Rde1 O-O-O 13. Nb3 Bxd3 14. Qxd3 Qf5 15. Kc2 Qxd3+ 16. Kxd3 Rde8 17. Nbd2 f5 18. Nb3 f4 19. Bd2 Nf5 20. h4 b6 21. Nc1 Nd8 22. Rxe8 Rxe8 23. Ne2 Ne6 24. b3 c5 25. h5 Kd7 26.
Nh4 Ne7 27. Nf3 Nf5 28. Nh4 Ne7 29. Nf3 Nf5 1/2-1/2

[Event "Early-Titled-Tuesday-Blitz-May-14-2024"]
[Site "Chess.com"]
[Date "2024.05.14"]
[Round "9"]
[White "NiranjanNavalgund"]
[Black "abelmat"]
[Result "1-0"]
[WhiteElo "2427"]
[BlackElo "2014"]
[TimeControl "180+1"]
[EndTime "9:44:54 PDT"]
[Termination "NiranjanNavalgund won on time"]

1. e4 e6 2. e5 d5 3. exd6 cxd6 4.
d4 d5 5. Nf3 Nf6 6. Bd3 Be7 7.
c3 O-O 8. Ne5 Nc6 9. Nd2 Qc7 10. f4 b6 11. Qe2 Bb7 12. O-O Bd6 13. Rf3 Ne7 14. Rh3 a6 15. Bxh7+ Kh8 16. Bc2+ Kg8 17.
g4 Bxe5 18. fxe5 Ne4 19. Nxe4 dxe4 20. Bxe4 Bxe4 21. Qxe4 Ng6 22. g5 b5 23. Qg4 Rfd8 24.
Be3 Kf8 25. Rf1 Ke7 26. Rhf3 Rf8 27. Qh5 Qc4 28. Qh7 Qd3 29. Qxg7 Rae8 30. Rxf7+ Rxf7 31. Rxf7+ Kd8 32. Rd7+ Kc8 33. Rc7+ Kb8 34. Rb7+ 1-0

[Event "Early-Titled-Tuesday-Blitz-May-14-2024"]
[Site "Chess.com"]
[Date "2024.05.14"]
[Round "9"]
[White "sergeikim"]
[Black "Raskolnikov6"]
[Result "1-0"]
[WhiteElo "2620"]
[BlackElo "2438"]
[TimeControl "180+1"]
[EndTime "9:45:02 PDT"]
[Termination "sergeikim won by resignation"]

1. d4 Nf6 2. c4 e6 3. Nc3 d5 4. Nf3 c6 5. e3 Nbd7 6. Bd3 Bd6 7. O-O O-O 8. e4 dxc4 9. Bxc4 e5 10. Bg5 Qc7 11. Rc1 exd4 12. Qxd4 Bf4 13. Rcd1 Bxg5 14.
Nxg5 Ne5 15. Bb3 Bg4 16. f3 Bh5 17. Qc5 Qb6 18. Qxb6 axb6 19. g4 Bg6 20. h4 h6 21.
Nh3 b5 22. Nf4 Bh7 23. g5 hxg5 24. hxg5 Ng6 25. Nxg6 Bxg6 26. gxf6 gxf6 27. Kf2 c5 28. Nxb5 1-0

[Event "Early-Titled-Tuesday-Blitz-May-14-2024"]
[Site "Chess.com"]
[Date "2024.05.14"]
[Round "9"]
[White "laiciffOneslraCsungaM"]
[Black "Semetey"]
[Result "0-1"]
[WhiteElo "2419"]
[BlackElo "2587"]
[TimeControl "180+1"]
[EndTime "9:45:04 PDT"]
[Termination "Semetey won by resignation"]

1. Nf3 e6 2. g3 d5 3. Bg2 c5 4. O-O Nc6 5. d3 Nf6 6. Nbd2 Be7 7. c3 O-O 8. a3 Qc7 9. b4 b6 10. Bb2 Bb7 11. e4 dxe4 12. dxe4 Rfd8 13. Qe2 a5 14.
b5 Nb8 15. c4 Nbd7 16. e5 Ng4 17. Rfe1 Nf8 18. h3 Nh6 19. g4 Ng6 20. Qe3 Rd7 21.
Ne4 Rad8 22. Bf1 Qb8 23. a4 Qa8 24. Nfd2 Nh4 25. Rad1 Bxe4 26. Nxe4 Rxd1 27. Rxd1 Rxd1 0-1

[Event "Early-Titled-Tuesday-Blitz-May-14-2024"]
[Site "Chess.com"]
[Date "2024.05.14"]
[Round "9"]
[White "RojonR"]
[Black "fandebobbyfischer"]
[Result "1-0"]
[WhiteElo "2623"]
[BlackElo "2697"]
[TimeControl "180+1"]
[EndTime "9:45:05 PDT"]
[Termination "RojonR won by resignation"]

1. e4 e6 2. Nc3 c5 3. Nf3 a6 4. d4 cxd4 5. Nxd4 Bc5 6. Nb3 Ba7 7. Qg4 Qf6 8. Qg3 Nc6 9. Be3 Qg6 10. Bxa7 Qxg3 11. hxg3 Rxa7 12. f4 Ke7 13. O-O-O d6 14. a4 Nf6 15. Be2 b6 16. g4 Rc7 17. g5 Nd7 18.
Nd2 Nc5 19. Nc4 e5 20. Nd5+ Kd8 21. Nxc7 Kxc7 22. Nxd6 exf4 23. Nxf7 Rf8 24. Nd6 Bd7 25. Rxh7 Ne5 26. Rxg7 Kb8 27. b4 Ne6 28. Re7 Ng6 1-0

[Event "Early-Titled-Tuesday-Blitz-May-14-2024"]
[Site "Chess.com"]
[Date "2024.05.14"]
[Round "9"]
[White "amanjazu"]
[Black "Doublekk14"]
[Result "1-0"]
[WhiteElo "2528"]
[BlackElo "2352"]
[TimeControl "180+1"]
[EndTime "9:45:10 PDT"]
[Termination "amanjazu won on time"]

1. g3 d5 2. Bg2 Nf6 3. f3 c5 4. f4 Nc6 5. Nf3 Bg4 6. O-O Qd7 7. d3 Bh3 8. Ne5 Nxe5 9. fxe5 Bxg2 10. Kxg2 Ng8 11.
e4 dxe4 12. Nc3 exd3 13. Qf3 e6 14. cxd3 h5 15. h3 Nh6 16. Bxh6 Rxh6 17. Ne4 h4 18. g4 Rg6 19. Rac1 O-O-O 20. Nxc5 Bxc5 21. Rxc5+ Kb8 22. Qxf7 Qxf7 23. Rxf7 Rg5 24. d4 a6 25. Rc4 b5 26.
Rc6 Rxd4 27. Rxe6 1-0

[Event "Early-Titled-Tuesday-Blitz-May-14-2024"]
[Site "Chess.com"]
[Date "2024.05.14"]
[Round "9"]
[White "campochess"]
[Black "pfalcon1949"]
[Result "1-0"]
[WhiteElo "2108"]
[BlackElo "1912"]
[TimeControl "180+1"]
[EndTime "9:45:10 PDT"]
[Termination "campochess won by resignation"]

1. d4 d5 2. Bg5 f6 3. Bd2 c5 4. e4 dxe4 5. dxc5 e5 6. Bc4 Ne7 7. Nc3 Bf5 8. Nge2 Nd7 9. b4 a6 10. Ng3 Bg6 11. Ngxe4 Nc6 12. a3 Be7 13. O-O b5 14.
Bd5 Rc8 15. Be3 Bf7 16. Bxf7+ Kxf7 17. Qd5+ Kf8 18. Rad1 Rc7 19. f4 Ndb8 20. Qa2 Rd7 21. fxe5 Nxe5 22. Qe6 Rxd1 23. Rxd1 Qc7 24. Nd5 Qb7 25.
Nxe7 Qxe7 26. Qc8+ Kf7 27. Qxh8 Nc4 28. Qxh7 Nxe3 29.
Nd6+ 1-0

[Event "Early-Titled-Tuesday-Blitz-May-14-2024"]
[Site "Chess.com"]
[Date "2024.05.14"]
[Round "9"]
[White "IlanSchnaider"]
[Black "meoluoi91"]
[Result "1-0"]
[WhiteElo "2737"]
[BlackElo "2575"]
[TimeControl "180+1"]
[EndTime "9:45:17 PDT"]
[Termination "IlanSchnaider won by resignation"]

1. e4 c6 2. Nf3 d5 3. Nc3 g6 4. d4 Bg7 5. h3 dxe4 6. Nxe4 Nf6 7. Qe2 O-O 8. c3 Nxe4 9. Qxe4 Bf5 10. Qh4 Nd7 11. Be2 e5 12. Bg5 Qb6 13. O-O Qxb2 14.
Bc4 Qxc3 15. Rac1 Qb2 16. Be7 exd4 17. Bxf8 Rxf8 18. Ng5 h6 19. Nxf7 Rxf7 20. Qe7 Ne5 21. Qe8+ Bf8 22. Qxe5 Qb4 23. Rfe1 Bg7 24. Qe8+ Bf8 25.
Qxf7+ 1-0

[Event "Early-Titled-Tuesday-Blitz-May-14-2024"]
[Site "Chess.com"]
[Date "2024.05.14"]
[Round "9"]
[White "Gumugama"]
[Black "KorolDimitriy75"]
[Result "1-0"]
[WhiteElo "2302"]
[BlackElo "2399"]
[TimeControl "180+1"]
[EndTime "9:45:17 PDT"]
[Termination "Gumugama won on time"]

1. e4 c5 2. Nf3 d6 3. d4 cxd4 4. Nxd4 Nf6 5. Nc3 g6 6. Be3 Bg7 7. f3 O-O 8. Qd2 Nc6 9. Nb3 a5 10. a4 Be6 11. O-O-O Rc8 12. Kb1 Nb4 13. Nd4 Bc4 14.
Ndb5 Nd7 15. Na7 Bxc3 16. bxc3 Na6 17. Nxc8 Qxc8 18. Bh6 Re8 19. Qd4 Ne5 20. f4 1-0

[Event "Early-Titled-Tuesday-Blitz-May-14-2024"]
[Site "Chess.com"]
[Date "2024.05.14"]
[Round "9"]
[White "zozik"]
[Black "Darko-Dimitrijevic"]
[Result "1-0"]
[WhiteElo "2337"]
[BlackElo "2205"]
[TimeControl "180+1"]
[EndTime "9:45:19 PDT"]
[Termination "zozik won by checkmate"]

1. d4 g6 2. Nf3 Bg7 3. g3 b6 4. Bg2 Bb7 5. O-O e6 6. c4 Ne7 7. Nc3 d6 8. e4 Nd7 9. Re1 O-O 10.
b3 a6 11. Bb2 c5 12. dxc5 Nxc5 13. Qd2 Qc7 14. Rad1 Bc6 15. Qxd6 Qb7 16. Qf4 h6 17.
Qe3 a5 18. Ba3 Rac8 19. Nb5 Qa8 20. Nd6 Rc7 21. Bxc5 bxc5 22. Qxc5 Nc8 23. Qe3 Nxd6 24. Rxd6 Rfc8 25. e5 Bf8 26. Red1 Bxd6 27. exd6 Rd7 28. Ne5 Bxg2 29. Nxd7 Bh3 30. f3 Qc6 31. Nf6+ Kg7 32.
Qe5 Qxf3 33. Nh5+ Kf8 34. Qh8# 1-0

[Event "Early-Titled-Tuesday-Blitz-May-14-2024"]
[Site "Chess.com"]
[Date "2024.05.14"]
[Round "9"]
[White "klercaku"]
[Black "maracayo"]
[Result "0-1"]
[WhiteElo "2249"]
[BlackElo "2359"]
[TimeControl "180+1"]
[EndTime "9:45:20 PDT"]
[Termination "maracayo won by resignation"]

1. e4 d6 2. d4 Nf6 3. Bd3 e5 4. dxe5 dxe5 5. Nc3 Be7 6. Nge2 O-O 7. O-O c6 8. h3 Nbd7 9. f4 Qc7 10. f5 b5 11. a3 a5 12. g4 h6 13. Ng3 Bb7 14.
h4 Nh7 15. g5 hxg5 16. hxg5 Bxg5 17. Bxg5 Nxg5 18. Qg4 f6 19. Kg2 Nc5 20. Qh5 Nxd3 21.
cxd3 Qf7 22. Qh4 Rfd8 23. Rh1 Qb3 24. Qh8+ Kf7 25. Qh5+ Ke7 26. Qe2 b4 27. axb4 axb4 28. Rxa8 Bxa8 29. Nd1 Rxd3 30. Nh5 c5 31. Nxg7 Bxe4+ 32. Kf2 Bxh1 33. Ne6 Nxe6 34. fxe6 Qxd1 0-1

[Event "Early-Titled-Tuesday-Blitz-May-14-2024"]
[Site "Chess.com"]
[Date "2024.05.14"]
[Round "9"]
[White "xasid81"]
[Black "monomita"]
[Result "1-0"]
[WhiteElo "2617"]
[BlackElo "2746"]
[TimeControl "180+1"]
[EndTime "9:45:24 PDT"]
[Termination "xasid81 won by resignation"]

1. Nf3 c5 2. Nc3 g6 3. e4 Bg7 4. Bc4 Nc6 5. a3 Nf6 6. d3 d6 7. h3 a6 8. O-O O-O 9. Bf4 b5 10. Ba2 Bb7 11. Qd2 Nd4 12. Nxd4 cxd4 13. Ne2 Rc8 14. Rac1 d5 15. f3 dxe4 16. fxe4 e5 17. Bxe5 Nxe4 18. Qf4 Bxe5 19. Bxf7+ Rxf7 20. Qxf7+ Kh8 21. Qxb7 Nc5 22. Qf3 Qg5 23. Qg4 Qxg4 24. hxg4 Na4 25. b3 Nc3 26. Nxc3 Rxc3 27. Rf7 Kg8 28. Ra7 Bf4 29.
Rf1 g5 30. g3 Be3+ 31. Kh1 Rxc2 32. Rff7 Rc1+ 33. Kg2 Rg1+ 34. Kh2 Rd1 35. Rg7+ Kf8 36. Rgc7 Rd2+ 37. Kh3 1-0

[Event "Early-Titled-Tuesday-Blitz-May-14-2024"]
[Site "Chess.com"]
[Date "2024.05.14"]
[Round "9"]
[White "aljado"]
[Black "olakenn"]
[Result "1-0"]
[WhiteElo "2133"]
[BlackElo "1923"]
[TimeControl "180+1"]
[EndTime "9:45:24 PDT"]
[Termination "aljado won on time"]

1. e4 c6 2. d4 d5 3. exd5 cxd5 4. c4 Nc6 5. Nc3 Nf6 6. Bg5 h6 7. Bh4 g5 8. Bg3 e6 9. Nf3 Bg7 10. c5 O-O 11. Bd3 g4 12. Ne5 Nxd4 13. O-O Nf5 14. Nxg4 Nxg4 15. Qxg4 Kh8 16. Rae1 Qg5 17. Qe2 d4 18. Ne4 Qe7 19. Qh5 1-0

[Event "Early-Titled-Tuesday-Blitz-May-14-2024"]
[Site "Chess.com"]
[Date "2024.05.14"]
[Round "9"]
[White "jraosam"]
[Black "Eloist"]
[Result "1-0"]
[WhiteElo "2096"]
[BlackElo "2430"]
[TimeControl "180+1"]
[EndTime "9:45:25 PDT"]
[Termination "jraosam won on time"]

1. e4 e6 2. d4 d5 3. exd5 exd5 4. Bd3 Nc6 5. c3 Bd6 6. Ne2 Bg4 7. f3 Bh5 8. Bf4 Bg6 9. O-O Nge7 10. Na3 a6 11. Nc2 Qd7 12. Qd2 O-O 13. Rfe1 Rae8 14. Bxd6 Qxd6 15. Nf4 Bxd3 16. Nxd3 Nd8 17. Re2 Nf5 18.
Rae1 Rxe2 19. Rxe2 Ne6 20. Ne5 f6 21. Nd3 b6 22.
Ne3 Nh4 23. Qe1 Nf4 24. Nxf4 Qxf4 25. Nxd5 Qg5 26. Ne7+ Kf7 27. Qg3 Re8 28. Qxc7 Nxf3+ 29. Kf2 1-0